 Dungeon Crawl Stone Soup version 0.27-a0-732-ga892ba84f6 (webtiles) character file.

Game seed: 8347088302286215639

497 robertstho the Magician (level 6, -3/32 HPs)
             Began as a Deep Elf Fire Elementalist on Mar 23, 2021.
             Was an Initiate of Sif Muna.
             Slain by Duvessa
             ... wielding a +0 rapier
              (7 damage)
             ... on level 5 of the Dungeon.
             The game lasted 00:04:45 (4594 turns).

robertstho the Magician (DEFE)                      Turns: 4594, Time: 00:04:46

Health: -3/32      AC:  2    Str: 11    XL:     6   Next: 93%
Magic:  10/17      EV: 12    Int: 22    God:    Sif Muna [......]
Gold:   221        SH:  0    Dex: 15    Spells: 16/17 levels left

rFire    . . .     SeeInvis .   t - +8 flail (vorpal)
rCold    . . .     Faith    .   (no shield)
rNeg     . . .     Spirit   .   a - +0 robe
rPois    .         Reflect  .   (no helmet)
rElec    .         Harm     .   (no cloak)
rCorr    .         Rampage  .   (no gloves)
Will     .....                  (no boots)
Stlth    ++........             (no amulet)
HPRegen  0.10/turn              i - +6 ring of strength
MPRegen  0.15/turn              (no ring)

@: no status effects
A: no striking features
a: Renounce Religion


You were on level 5 of the Dungeon.
You worshipped Sif Muna.
Sif Muna was noncommittal.
You visited 2 branches of the dungeon, and saw 6 of its levels.

You collected 221 gold pieces.

Inventory:

Hand Weapons
 c - a +0 short sword
 l - a +4 whip
 q - a +0 vorpal hand axe
 t - a +8 vorpal flail (weapon)
Armour
 a - a +0 robe (worn)
Jewellery
 i - a +6 ring of strength (right hand)
 r - an amulet of reflection
 s - a ring of wizardry
Scrolls
 b - a scroll of random uselessness {unknown}
 d - 2 scrolls of amnesia {unknown}
 g - 3 scrolls of identify {unknown}
 j - a scroll of teleportation {unknown}
 m - a scroll of enchant weapon {unknown}
 p - 2 scrolls of enchant armour {unknown}
Potions
 e - a potion of curing {unknown}
 f - a potion of experience {unknown}
 h - 2 potions of mutation {unknown}
 k - a potion of brilliance {unknown}
 n - a potion of magic {unknown}
 o - a potion of might {unknown}
 u - a potion of attraction {unknown}


   Skills:
 + Level 0.2 Fighting
 + Level 2.6 Dodging
 + Level 3.1 Stealth
 * Level 6.2 Spellcasting
 * Level 4.2 Conjurations
 * Level 5.5 Fire Magic


You had 16 spell levels left.
You knew the following spells:

 Your Spells              Type           Power      Damage    Failure   Level
a - Foxfire               Conj/Fire      100%       2x1d9     1%          1

Your spell library contained the following spells:

 Spells                   Type           Power      Damage    Failure   Level
 Conjure Flame            Conj/Fire      28%        6-21      3%          3
 Animate Skeleton         Necr           12%        N/A       9%          1
 Pain                     Necr           24%        1d5       9%          1
 Inner Flame              Hex/Fire       19%        N/A       9%          3
 Sticky Flame             Conj/Fire      28%        2d5       12%         4
 Vampiric Draining        Necr           3%         2d6       26%         3
 Fireball                 Conj/Fire      14%        3d8       32%         5
 Animate Dead             Necr           3%         N/A       65%         4
 Agony                    Necr           6%         N/A       94%         5


Dungeon Overview and Level Annotations

Branches:
Dungeon (5/15)             Temple (1/1) D:4

Altars:
Ashenzari
Cheibriados
Dithmenos
Elyvilon
Fedhas
Hepliaklqana
Kikubaaqudgha
Makhleb
Nemelex Xobeh
Okawaru
Qazlal
Ru
Sif Muna
Trog
Uskayaw
Vehumet
Wu Jian
Xom
Yredelemnul
Zin
The Shining One
Beogh

Annotations:
D:3 3 runed translucent doors, xnavy's ghost, amateur OpWz
D:5 Dowan; Duvessa


Message History

The foxfire hits Duvessa but does no damage.
Duvessa is moderately wounded.
Casting: Foxfire (safe; 1% risk of failure)
Confirm with . or Enter, or press ? or * to list all spells.
You conjure some foxfire!
The foxfire hits Duvessa but does no damage.
Duvessa is moderately wounded.
The foxfire hits Duvessa but does no damage.
Duvessa is moderately wounded.
The foxfire hits Duvessa but does no damage.
Duvessa is moderately wounded.
Casting: Foxfire (safe; 1% risk of failure)
Confirm with . or Enter, or press ? or * to list all spells.
You conjure some foxfire!
The foxfire hits Duvessa but does no damage.
Duvessa is moderately wounded.
Duvessa hits you with a +0 rapier!
Unknown command.
Casting: Foxfire (safe; 1% risk of failure)
Confirm with . or Enter, or press ? or * to list all spells.
You conjure some foxfire!
The foxfire hits Duvessa.
Duvessa is moderately wounded.
The foxfire hits Duvessa but does no damage.
Duvessa is moderately wounded.
Duvessa hits you with a +0 rapier. x2
Casting: Foxfire (safe; 1% risk of failure)
Confirm with . or Enter, or press ? or * to list all spells.
You conjure some foxfire!
The foxfire hits Duvessa.
Duvessa is moderately wounded.
Dowan casts a spell.
Dowan blinks!
Duvessa hits you with a +0 rapier!
* * * LOW HITPOINT WARNING * * *
The foxfire hits Duvessa.
Duvessa is heavily wounded.
The foxfire hits Duvessa but does no damage.
Duvessa is heavily wounded.
The foxfire hits Duvessa but does no damage.
Duvessa is heavily wounded.
Duvessa hits you with a +0 rapier!
You die...

$...... ...#
.......##...#
............#
#
....#.....#.#
............
#.).....#
#.e...###.#
#..@§......
#.§§§$#####
##.......
#####..##
.... .### .
##


You could see Duvessa (fast).

Vanquished Creatures
  Edmund (D:4)
  A phantom (D:4)
  A hound (D:4)
  An orc priest (D:3)
  A bullfrog skeleton (D:4)
  An iguana (D:4)
  Natasha (thrice) (D:3)
  3 adders
  An ufetubus (D:5)
  A worm (D:3)
  3 dart slugs
  5 orcs
  2 giant cockroaches
  3 goblins
  10 hobgoblins
  8 jackals
  7 kobolds
  2 oozes (D:3)
  2 quokkas
  8 ball pythons
  5 bats
  2 frilled lizards
  6 rats
77 creatures vanquished.

Vanquished Creatures (others)
  278 foxfires
278 creatures vanquished.

Grand Total: 355 creatures vanquished

Notes
Turn   | Place    | Note
-------+----------+-------------------------------------------
     0 | D:1      | robertstho the Deep Elf Fire Elementalist began the quest
                  | for the Orb.
     0 | D:1      | Reached XP level 1. HP: 10/10 MP: 6/6
   463 | D:1      | Reached XP level 2. HP: 11/15 MP: 6/8
  1498 | D:2      | Reached XP level 3. HP: 19/19 MP: 5/10
  1538 | D:2      | Reached skill level 4 in Spellcasting
  2173 | D:3      | Noticed Natasha
  2177 | D:3      | Killed Natasha
  2178 | D:3      | Reached XP level 4. HP: 24/24 MP: 7/12
  2242 | D:3      | Noticed Natasha
  2248 | D:3      | Killed Natasha
  2379 | D:3      | Noticed Natasha
  2388 | D:3      | Killed Natasha
  2389 | D:3      | Reached XP level 5. HP: 20/28 MP: 8/14
  2730 | D:3      | Reached skill level 5 in Spellcasting
  2947 | D:3      | Found a runed translucent gate.
  2947 | D:3      | Noticed xnavy's ghost (amateur OpWz)
  2948 | D:3      | Found a runed translucent gate.
  2949 | D:3      | Found a runed translucent gate.
  3549 | D:4      | Reached skill level 5 in Fire Magic
  3549 | D:4      | Reached XP level 6. HP: 32/32 MP: 12/16
  3693 | D:4      | Noticed Edmund
  3703 | D:4      | Killed Edmund
  3873 | D:4      | Reached skill level 6 in Spellcasting
  3915 | D:4      | Found a staircase to the Ecumenical Temple.
  4200 | Temple   | Entered the Ecumenical Temple
  4267 | Temple   | Became a worshipper of Sif Muna the Loreminder
  4585 | D:5      | Entered Level 5 of the Dungeon
  4585 | D:5      | Noticed Duvessa
  4585 | D:5      | Noticed Dowan
  4594 | D:5      | Slain by Duvessa

Illustrated notes

Levels and vault maps discovered:
D:1:      elethiomel_arrival_maze, layout_basic
D:2:      layout_rooms
D:3:      layout_rooms, biasface_ghost_orc_armoury, small_statue_intersection,
          uniq_natasha
D:4:      layout_rooms, temple_hall, serial_rivers,
          chequers_serial_rivers_room_b, chequers_serial_rivers_room_a,
          chequers_serial_rivers_room_b, chequers_serial_rivers_micro_e,
          chequers_serial_rivers_micro_c, grunt_ministairs_12, uniq_edmund
D:5:      layout_basic, grunt_qazlal_clouds, uniq_menkaure, uniq_sigmund,
          uniq_duvessa
Temple:   dpeg_three_leaves_temple

Skill      XL: |  1  2  3  4  5  6 |
---------------+-------------------+-----
Spellcasting   | 4 5 6 |  6.2
Fire Magic     | 4 5 |  5.5
Conjurations   | 2 3 4 |  4.2
Stealth        | 3 |  3.1
Fighting       | |  0.2
Dodging        | |  2.6

Action                   |  1- 3 |  4- 6 || total
-------------------------+-------+-------++-------
Melee: Short sword       |     1 |       ||     1
       Whip              |       |     5 ||     5
       Hand axe          |       |     1 ||     1
 Cast: Foxfire           |    62 |    97 ||   159
 Stab: Sleeping          |       |     1 ||     1
Armor: Robe              |     3 |       ||     3
Dodge: Dodged            |    10 |    13 ||    23

Table legend: (Time is in decaauts)
 A = Elapsed time spent in this place.
 B = Non-inter-level travel time spent in this place.
 C = Inter-level travel time spent in this place.
 D = Time resting spent in this place.
 E = Time spent auto-exploring this place.
 F = Levels seen in this place.
 G = Mean time per level.
                   A        B        C        D        E       F      G
               +--------+--------+--------+--------+--------+-----+--------+
         Total |   4602 |   4404 |    198 |    213 |   3715 |   6 |  767.0 |
       Dungeon |   4521 |   4336 |    185 |    213 |   3651 |   5 |  904.2 |
        Temple |     80 |     67 |     13 |      0 |     64 |   1 |   80.0 |
               +--------+--------+--------+--------+--------+-----+--------+

Top non-repeatable levels by time:
     D:1: 1639 daAuts
     D:4: 1324 daAuts
     D:3: 1015 daAuts
     D:2: 532 daAuts
  Temple: 80 daAuts
     D:5: 8 daAuts
